 Dungeon Crawl Stone Soup version 0.30-b1-2-g02819fbbbe (webtiles) character file.

Game seed: 10613554038792356499

30 Alarkh the Charlatan (level 3, 22/29 HPs)
             Began as a Demonspawn Artificer on July 11, 2023.
             Got out of the dungeon alive.
             The game lasted 00:01:23 (1012 turns).

Alarkh the Charlatan (Demonspawn Artificer)         Turns: 1012, Time: 00:01:24

Health: 22/29      AC:  3    Str: 12    XL:     3   Next: 3%
Magic:  3/3        EV: 11    Int: 14    God:
Gold:   77         SH:  0    Dex: 13    Spells: 2/2 levels left

rFire   . . .        a - +0 club
rCold   . . .        (no shield)
rNeg    . . .        b - +0 leather armour
rPois   .            (no helmet)
rElec   .            (no cloak)
rCorr   .            (no gloves)
SInv    .            (no boots)
Will    .....        (no amulet)
Stlth   +            (no ring)
HPRegen 0.24/turn    (no ring)
MPRegen 0.08/turn

%: no passive effects
@: no status effects
A: hooves 1, powered by death 1
a: no special abilities


You escaped.
You visited 1 branch of the dungeon, and saw 2 of its levels.

You collected 77 gold pieces.

Inventory:

Hand Weapons
 a - a +0 club (weapon)
Armour
 b - a +0 leather armour (worn)
Wands
 c - a wand of flame (14) (quivered)
 d - a wand of charming (15)
 e - a wand of iceblast (5)
Scrolls
 f - 2 scrolls of teleportation
 j - a scroll of magic mapping {unknown}
Potions
 g - a potion of might {unknown}
 h - 2 potions of heal wounds {unknown}
 i - 2 potions of haste {unknown}
 k - a potion of ambrosia {unknown}


   Skills:
 + Level 3.0 Fighting
 - Level 1.7 Armour
 - Level 0.8 Dodging
 - Level 0.8 Stealth
 - Level 3.0 Evocations


You had 2 spell levels left.
You didn't know any spells.
Your spell library contained the following spells:

 Spells                   Type           Power      Damage    Failure   Level
 Simulacrum               Ice/Necr       0%         N/A       100%        6
 Ozocubu's Refrigeration  Ice            0%         4d7       100%        7
 Polar Vortex             Ice            0%         N/A       100%        9


Dungeon Overview and Level Annotations

Branches:
Dungeon (2/15)

Altars:

Shops:
D:1 (


Innate Abilities, Weirdness & Mutations

You have large cloven feet.
You regenerate a little health from kills.


Message History

You closely miss the goblin. The goblin misses you.
Aiming: Throw Flame
Press: ? - help, Shift-Dir - straight line, f - goblin
Aim: a goblin, wielding a +0 club (64% to hit)
The puff of flame hits the goblin!
You kill the goblin!
You have reached level 3!
Your experience leads to an increase in your attributes!
Increase (S)trength, (I)ntelligence, or (D)exterity?
You feel clever. x2; Your demonic ancestry asserts itself...
Your feet thicken and deform.
You closely miss the goblin. You kick the goblin, but do no damage.
The goblin is heavily wounded.
The goblin hits you with a +0 dagger.
You hit the goblin but do no damage.
The goblin is heavily wounded.
The goblin barely misses you. The goblin hits you with a +0 dagger.
You hit the goblin.
You kill the goblin!
Things that are here:
a +0 dagger; a +0 club; a goblin corpse
i - 2 pink potions (gained 1)
There is a stone staircase leading up here.
You climb upwards.
There is a stone staircase leading down here.
You enter the shallow water.
Moving in this stuff is going to be slow.
You see here a +0 whip.
You enter the shallow water.
Moving in this stuff is going to be slow.
You enter the shallow water.
Moving in this stuff is going to be slow.
You enter the shallow water.
Moving in this stuff is going to be slow.
There is a large open door here.
There is a large open door here.
There is a large open door here.
There is a staircase leading out of the dungeon here.
Are you sure you want to leave the Dungeon?
This will make you lose the game!
You have escaped!

##.#.###~.#~..........~#.~###.###
#......~.#~~~~~..~~~~~#.~###.# #
###.###~.######''######.~....#
#.# #~.#.......§.§.§#.~##### #.#
#~.#≈≈≈§≈..≈§§≈≈#.~####### #.#
#~.#≈≈§≈≈..≈§≈§§#.~......#
####.###~.#.......§..§.#.~#####.#
#.......~.######''######.~....#.#
#.##.>..~8#.....@......#8~###.>..
#.#...##~.##############.~#####.#
....(..#~..8..........8..~.......
#.#...##~~~~~~~~~~~~~~~~~~#.####.
#.##.####.#######.#######.#.# #.
#.........# ##.#.# #.#.####.
..##.###### ##....# #.....##.
#.##'## #.....# ###.#.##.
#.#...## ##...## #.#.##.


There were no monsters in sight!

Vanquished Creatures
  2 dart slugs (D:1)
  A giant cockroach (D:1)
  4 goblins
  A hobgoblin (D:1)
  3 kobolds (D:1)
  A quokka (D:1)
  2 ball pythons
  4 bats (D:1)
  2 frilled lizards (D:1)
  6 rats (D:1)
26 creatures vanquished.

Notes
Turn   | Place    | Note
-------+----------+-------------------------------------------
     0 | D:1      | Alarkh the Demonspawn Artificer began the quest for the
                  | Orb.
     0 | D:1      | Reached XP level 1. HP: 15/15 MP: 1/1
   137 | D:1      | Gained mutation: You regenerate a little health from kills.
                  | [demonic ancestry]
   137 | D:1      | Reached XP level 2. HP: 11/22 MP: 2/2
   266 | D:1      | Found Ysmoehum's Weapon Emporium.
   960 | D:2      | Gained mutation: You have large cloven feet. [demonic
                  | ancestry]
   960 | D:2      | Reached XP level 3. HP: 11/29 MP: 3/3
  1012 | D:$      | Got out of the dungeon alive.

Illustrated notes

Levels and vault maps discovered:
D:1:      lightli_arrival_isolated_outpost, layout_loops_corners, serial_shops,
          nicolae_shop_just_a_little_nook, minmay_hexomino_c4
D:2:      layout_basic

Skill      XL: |  1  2 |
---------------+-------+-----
Fighting       | 2 3 |  3.0
Armour         | |  1.7
Dodging        | |  0.8
Stealth        | |  0.8
Evocations     | |  3.0

Action                     || total
---------------------------++-------
  Melee: Club              ||   101
         Kick              ||     1
  Evoke: Wand              ||     1
    Use: Scroll            ||     1
   Stab: Sleeping          ||     1
 Armour: Leather armour    ||    43
  Dodge: Dodged            ||    89
